 Dungeon Crawl Stone Soup version 0.24-a0-809-g71cb82dfb8 (webtiles) character file.

Game seed: 17761027173471073215, levelgen mode: deterministic

172 Kae the Insei (level 5, 0/41 HPs)
             Began as a Demonspawn Monk on Oct 11, 2019.
             Killed by divine providence
             ... invoked by an orc priest
              (13 damage)
             ... on level 4 of the Dungeon.
             The game lasted 00:04:02 (3951 turns).

Kae the Insei (Demonspawn Monk)                     Turns: 3951, Time: 00:04:02

Health: 0/41       AC: 12    Str: 11    XL:     5   Next: 27%
Magic:  0/5        EV:  5    Int: 12    God:
Gold:   91         SH:  8    Dex: 16    Spells: 4/4 levels left

rFire    + . .     SeeInvis .     - Unarmed
rCold    . . .     Gourm    +   l - +3 buckler
rNeg     . . .     Faith    .   r - +0 chain mail (curse)
rPois    .         Spirit   +   (helmet restricted)
rElec    .         Reflect  .   q - scarf {Spirit}
rCorr    .         Harm     .   (no gloves)
MR       .....                  (no boots)
Stlth    ..........             j - amulet of the gourmand
HPRegen  0.13/turn              m - ring of wizardry
MPRegen  0.09/turn              g - +4 ring of protection

@: very slightly contaminated
A: horns 1, fire resistance 1
a: no special abilities


You were on level 4 of the Dungeon.
You were not hungry.

You visited 1 branch of the dungeon, and saw 4 of its levels.

You collected 91 gold pieces.

Inventory:

Armour
 l - a +3 buckler (worn)
 q - a scarf of spirit shield (worn)
 r - a cursed +0 chain mail (worn)
Jewellery
 g - a +4 ring of protection (right hand)
 j - an amulet of the gourmand (around neck)
 k - an uncursed ring of ice
 m - a ring of wizardry (left hand)
Wands
 n - a wand of paralysis (6)
 p - a wand of random effects (12)
Potions
 c - a potion of lignification
 d - a potion of haste
 e - 2 potions of agility
 h - 2 potions of flight
 i - a potion of brilliance
Comestibles
 b - 8 rations


   Skills:
 - Level 3.0 Fighting
 - Level 2.6 Dodging
 - Level 1.7 Stealth
 + Level 2.5 Shields
 + Level 4.7 Unarmed Combat


You had 4 spell levels left.
You didn't know any spells.
Your spell library was empty.

Dungeon Overview and Level Annotations

Branches:
Dungeon (4/15)
 Temple: D:4-7

Altars:


Innate Abilities, Weirdness & Mutations

You have a pair of small horns on your head.
Your flesh is heat resistant. (rF+)


Message History

You headbutt the phantom, but do no damage.
The phantom is moderately damaged.
You block the phantom's attack.
You hit the phantom. Your headbutt misses the phantom.
The phantom is heavily damaged.
The orc priest mumbles some strange prayers to Beogh against you.
Beogh smites you!
You hear a shout!
You are too injured to fight recklessly!
You are too injured to fight recklessly!
You are too injured to fight recklessly!
You are too injured to fight recklessly!
You are too injured to fight recklessly!
You are too injured to fight recklessly!
You are too injured to fight recklessly!
You are too injured to fight recklessly!
The phantom blinks!
The orc priest invokes the aid of Beogh against you.
Beogh smites you!
You die...

................
.................
...o..............##
....................
...................
.................#
....[.ยง..........#
..W..............#
.........@......#
.............#### #
..........#..## .#
......######..## #.#
..#..# ##..##..#
####. ##.....# #
##....### #.
##......... #..#
##...##....#


You could see a phantom and an orc priest.

Vanquished Creatures
  2 orc wizards (D:3)
  4 adders
  2 oozes
  A worm (D:2)
  2 dart slugs
  A leopard gecko (D:2)
  6 orcs (D:3)
  2 giant cockroaches (D:2)
  7 goblins
  7 hobgoblins
  A jackal (D:2)
  2 quokkas (D:2)
  6 bats
  6 frilled lizards
  5 kobolds
  5 rats
59 creatures vanquished.

Notes
Turn   | Place    | Note
-------+----------+-------------------------------------------
     0 | D:1      | Kae the Demonspawn Monk began the quest for the Orb.
     0 | D:1      | Reached XP level 1. HP: 18/18 MP: 1/1
   118 | D:1      | Reached skill level 3 in Unarmed Combat
   210 | D:1      | Gained mutation: You have a pair of small horns on your
                  | head. [demonic ancestry]
   210 | D:1      | Reached XP level 2. HP: 18/24 MP: 2/2
  1233 | D:2      | Reached XP level 3. HP: 23/29 MP: 3/3
  1439 | D:2      | Reached skill level 1 in Shields
  1439 | D:2      | Reached skill level 4 in Unarmed Combat
  1595 | D:2      | Gained mutation: Your flesh is heat resistant. (rF+)
                  | [demonic ancestry]
  1595 | D:2      | Reached XP level 4. HP: 21/35 MP: 4/4
  2374 | D:3      | Found a faded altar of an unknown god.
  2458 | D:3      | HP: 1/35 [orc/+2 dagger of protection (4)]
  2811 | D:3      | Reached XP level 5. HP: 24/41 MP: 5/5
  3935 | D:4      | Noticed a phantom
  3951 | D:4      | Killed from afar by an orc priest

Levels and vault maps discovered:
D:1:      sevenhm_arrival_forest_fort_large_2, layout_basic
D:2:      layout_rooms, minmay_tromino_v4_c
D:3:      layout_loops_corners, first_ration,
          chequers_ecumenical_altar_simple_redux, lemuel_flame_loot_1
D:4:      layout_layer_cave, minmay_bisected

Skill      XL: |  1  2  3  4 |
---------------+-------------+-----
Unarmed Combat | 3 4 |  4.7
Shields        | 1 2 |  2.5
Fighting       | |  3.0
Dodging        | |  2.6
Stealth        | |  1.7

Action                   |  1- 3 |  4- 6 || total
-------------------------+-------+-------++-------
Melee: Unarmed           |   126 |    91 ||   217
       Headbutt          |    19 |    19 ||    38
Evoke: Wand              |       |     2 ||     2
  Use: Scroll            |     6 |     8 ||    14
 Stab: Sleeping          |     4 |       ||     4
       Distracted        |     2 |       ||     2
       Paralysed         |       |     3 ||     3
  Eat: Chunk             |     4 |     7 ||    11
Armor: Robe              |    22 |     7 ||    29
       Chain mail        |       |     1 ||     1
Dodge: Dodged            |    74 |    33 ||   107
Block: Buckler           |    28 |    29 ||    57

Table legend:
 A = Non-vault XP
 B = Vault XP
 C = Vault XP percentage of total XP
 D = Non-vault monster count
 E = Vault monster count
 F = Vault count percentage of total count
                 A         B        C        D         E       F
            +---------+---------+-------+---------+---------+-------
      Total |     241 |       6 |   2.4 |      57 |       2 |   3.4
            +---------+---------+-------+---------+---------+-------
        D:1 |      24 |       0 |   0.0 |      11 |       0 |   0.0
        D:2 |      67 |       6 |   8.2 |      27 |       2 |   6.9
        D:3 |     150 |       0 |   0.0 |      19 |       0 |   0.0
            +---------+---------+-------+---------+---------+-------
